 Dungeon Crawl Stone Soup version 0.30.1-11-g7821555f0a (webtiles) character file.

Game seed: 16945655673788851437

128 Nonny the Ducker (level 4, -1/34 HPs)
             Began as a Demonspawn Gladiator on Dec 2, 2023.
             Killed from afar by Eustachio (7 damage)
             ... with a puff of flame
             ... on level 4 of the Dungeon.
             The game lasted 00:08:13 (2102 turns).

Nonny the Ducker (Demonspawn Gladiator)             Turns: 2102, Time: 00:08:13

Health: -1/34      AC: 10    Str: 14    XL:     4   Next: 86%
Magic:  4/4        EV: 18    Int: 10    God:
Gold:   193        SH:  0    Dex: 16    Spells: 3/3 levels left

rFire   . . .        m - +0 dagger (protect)
rCold   . . .        (no shield)
rNeg    . . .        b - +0 leather armour
rPois   .            (helmet restricted)
rElec   .            (no cloak)
rCorr   .            (no gloves)
SInv    .            (no boots)
Will    .....        (no amulet)
Stlth   ++           q - +5 ring of evasion
HPRegen 0.25/turn    (no ring)
MPRegen 0.09/turn

%: no passive effects
@: under a protective aura
A: antennae 1, demonic touch 1
a: no special abilities


You were on level 4 of the Dungeon.
You visited 1 branch of the dungeon, and saw 4 of its levels.

You collected 193 gold pieces.

Inventory:

Hand Weapons
 a - a +0 rapier
 m - a +0 dagger of protection (weapon)
Missiles
 d - a throwing net
 f - 50 stones (quivered)
 j - a javelin
Armour
 b - a +0 leather armour (worn)
 c - a +0 helmet
Jewellery
 p - an amulet of faith
 q - a +5 ring of evasion (left hand)
Scrolls
 e - a scroll of blinking {unknown}
 g - a scroll of noise {unknown}
 l - a scroll of enchant weapon {unknown}
 r - a scroll of teleportation {unknown}
 u - a scroll of fear {unknown}
Potions
 h - 2 potions of flight
 i - a potion of resistance {unknown}
 k - a potion of ambrosia {unknown}
 n - a potion of attraction {unknown}
 o - 4 potions of mutation
 s - 2 potions of curing


   Skills:
 + Level 2.6 Fighting
 - Level 2.6 Short Blades
 + Level 2.4 Throwing
 + Level 3.9 Dodging
 - Level 2.0 Stealth


You had 3 spell levels left.
You didn't know any spells.
Your spell library was empty.

Dungeon Overview and Level Annotations

Branches:
Dungeon (4/15)
 Temple: D:4-7

Altars:
Kikubaaqudgha
Qazlal
Uskayaw

Shops:
D:2 =

Annotations:
D:4 Eustachio


Innate Abilities, Weirdness & Mutations

You have a pair of small antennae on your head.
Your touch may inflict minor irresistible damage on your foes.


Message History

You kill the hound!
Training target 2.0 for Stealth reached!
Your Stealth skill increases to level 2!
Found a ring mail.
Eustachio the Magnificent comes into view.
He is wielding a +0 rapier and carrying a wand of flame (16).
Eustachio shouts!
Eustachio yells, "Perjured traitor, DIE!"
Eustachio casts a spell.
Eustachio blinks!
Eustachio moves out of view.
Throw: javelin
Press: ? - help, Shift-Dir - straight line, f - Eustachio
Aim: Eustachio, wielding a +0 rapier, wearing a +0 leather armour and carrying a wand of flame (16) (51% to hit)
You throw a javelin. The javelin pierces through Eustachio.
Eustachio is lightly wounded.
Eustachio casts a spell.
Eustachio blinks!
Eustachio zaps a wand.
The puff of flame hits you.
You see here a javelin.
j - a javelin Eustachio closely misses you.
You barely miss Eustachio.
Eustachio is lightly wounded.
Eustachio hits you with a +0 rapier!
You hit Eustachio but do no damage.
Your weapon exudes an aura of protection.
Your punch misses Eustachio.
Eustachio is lightly wounded.
Eustachio zaps a wand.
The puff of flame hits you but does no damage.
Throw: 2 throwing nets
Press: ? - help, Shift-Dir - straight line, f/p - Eustachio
Aim: Eustachio, wielding a +0 rapier, wearing a +0 leather armour and carrying a wand of flame (14) (lightly wounded, 51% to hit)
You throw a throwing net.
The throwing net closely misses Eustachio.
Eustachio zaps a wand.
The puff of flame hits you!
* * * LOW HITPOINT WARNING * * *
Okay, then.
Eustachio attacks as you move away! Eustachio completely misses you.
Eustachio zaps a wand.
The puff of flame hits you!
You die...

### .# ... ...
#.# #.# #.# #.#
#@# #.# #.# #.#
#@####.####
#.........#
######.##.#
###.##.#
#......#
##......#####.##
#..............[
#.......#####.##
#.......#


You could see Eustachio.

Vanquished Creatures
  A hound (D:4)
  An orc wizard (D:3)
  2 adders (D:2)
  A worm (D:2)
  A dart slug (D:1)
  2 orcs (D:3)
  4 ball pythons
  5 endoplasms
  3 giant cockroaches
  6 goblins
  3 hobgoblins
  2 jackals (D:2)
  4 quokkas
  2 bats (D:1)
  4 frilled lizards
  A kobold (D:1)
  3 rats
45 creatures vanquished.

Notes
Turn   | Place    | Note
-------+----------+-------------------------------------------
     0 | D:1      | Nonny the Demonspawn Gladiator began the quest for the Orb.
     0 | D:1      | Reached XP level 1. HP: 16/16 MP: 1/1
    28 | D:1      | Starting vault: deep water pool
   323 | D:1      | Discovered your monstrous ancestry.
   323 | D:1      | Gained mutation: You have a pair of small antennae on your
                  | head. [demonic ancestry]
   323 | D:1      | Reached XP level 2. HP: 22/22 MP: 2/2
   333 | D:1      | Reached skill level 3 in Dodging
   340 | D:1      | Reached skill level 1 in Stealth
   444 | D:1      | Lava vault in southwest.
   645 | D:2      | Found a stormy altar of Qazlal.
   689 | D:2      | Reached XP level 3. HP: 6/27 MP: 3/3
   855 | D:2      | Found Vaim's Jewellery Boutique.
  1668 | D:3      | Found a hide-covered altar of Uskayaw.
  1691 | D:3      | Gained mutation: Your touch may inflict minor irresistible
                  | damage on your foes. [demonic ancestry]
  1691 | D:3      | Reached XP level 4. HP: 32/34 MP: 4/4
  1863 | D:3      | Found an ancient bone altar of Kikubaaqudgha.
  2090 | D:4      | Noticed Eustachio
  2102 | D:4      | Killed from afar by Eustachio

Illustrated notes ............. ........... ##≈≈≈≈≈≈≈### #≈≈≈≈≈≈≈≈≈≈# #≈≈≈≈≈≈≈≈≈≈# #≈≈≈~....≈≈# #≈≈~≈≈...≈≈# #.........≈# #.#....@..≈≈≈# ............≈≈# ............###### ............#.....## .#.)...............## ##.#...............# #.................# ##................# ##...............# Turn 28 on D:1: Starting vault: deep water pool

#..#..§§≈≈≈≈.§..#...#
#.#..§≈§§≈≈≈≈≈§.#...#
#...#≈≈≈≈≈§≈§≈#.....#
#...####§≈≈≈§##.....#
#..#)#.#≈≈§≈##.#....#
#§§##..#§§§##.##§.###
#.§#...#≈≈≈#.##§§§#
#.≈###.#####.##≈≈.#
#[≈≈#....@....#≈≈.# #
#.≈≈#####.#####≈≈.####.##
#..≈≈≈§≈#.#§≈≈≈≈.......!#
##.§≈≈≈≈#.#§≈≈≈≈........#
#..≈§≈≈#.#≈≈≈≈.........#
#...≈≈≈#.#§≈≈..........#
#.....§#.#§...#........#
#.....§...§§###........#
#........#### #........#


Turn 444 on D:1: Lava vault in southwest.

Levels and vault maps discovered:
D:1:      dpeg_arrival_pond, layout_rooms, grunt_decor_junction, minivault_5
D:2:      layout_loops_ring, serial_shops, nicolae_shop_tiny_statue_garden,
          basic_altar, minmay_split_cup_large
D:3:      layout_basic, kiku_gazebo_garden_becter, general_overflow_altar,
          kennysheep_generic_room_6
D:4:      layout_loops_ring, minmay_temple_entry_tees,
          kennysheep_generic_room_3, uniq_edmund, uniq_sigmund, uniq_eustachio

Skill      XL: |  1  2  3  4 |
---------------+-------------+-----
Dodging        | 3 |  3.9
Stealth        | 1 2 |  2.0
Throwing       | 2 |  2.4
Fighting       | |  2.6
Short Blades   | |  2.6

Action                     |  1- 3 |  4- 6 || total
---------------------------+-------+-------++-------
  Melee: Rapier            |    51 |       ||    51
         Dagger            |   120 |    30 ||   150
         Punch             |     2 |       ||     2
         Touch             |       |     7 ||     7
  Throw: Stone             |     7 |     3 ||    10
         Javelin           |     5 |     1 ||     6
         Throwing net      |     3 |     1 ||     4
    Use: Scroll            |     1 |     2 ||     3
   Stab: Sleeping          |     1 |     1 ||     2
 Armour: Leather armour    |    51 |     7 ||    58
  Dodge: Dodged            |   105 |    18 ||   123
